| TOP OF THE 1ST |
|
University of Oklahoma Sooners batting - Pitching for University of Minnesota Golden Gophers : LHP Ryan Hancock
|
|
Pitching: LHP Ryan Hancock
|
|
|
Batting: LHB Alex Benabides
|
0-0: Ball 1-0: Called Strike 1-1: Ground out 6-3 (Groundball, 6MS, EV 81.9 MPH)
|
|
Batting: LHB Jon Terrones
|
0-0: Ball 1-0: Called Strike 1-1: Called Strike 1-2: Strikes out looking
|
|
Batting: RHB Jesus Montoya
|
0-0: Ball 1-0: Called Strike 1-1: Ball 2-1: Foul Ball, location: 2F 2-2: SINGLE (Groundball, 56S, EV 71.2 MPH) (infield hit)
|
|
Batting: RHB Victor Borras
|
0-0: Ball 1-0: Ball 2-0: Foul Ball, location: 2F 2-1: Ground out 4-3 (Groundball, 34S, EV 85.6 MPH)
|
| Top of the 1st over - 0 runs, 1 hit, 0 errors, 1 left on base; University of Oklahoma 0 - University of Minnesota 0 |
| BOTTOM OF THE 1ST |
|
University of Minnesota Golden Gophers batting - Pitching for University of Oklahoma Sooners : LHP Mickey Spang
|
|
Pitching: LHP Mickey Spang
|
|
|
Batting: LHB Alex Villa
|
0-0: Ball 1-0: Foul Ball, location: 2F 1-1: Ground out 6-3 (Groundball, 6S, EV 82.5 MPH)
|
|
Batting: RHB Roy Evenden
|
0-0: Called Strike 0-1: Ball 1-1: Called Strike 1-2: Foul Ball, location: 2F 1-2: Ball 2-2: Ground out 6-3 (Groundball, 56, EV 99.4 MPH)
|
|
Batting: RHB Jarrod Strickhouser
|
0-0: Ball 1-0: Fly out, F4 (Popup, 13, EV 78.8 MPH)
|
| Bottom of the 1st over - 0 runs, 0 hits, 0 errors, 0 left on base; University of Oklahoma 0 - University of Minnesota 0 |
| TOP OF THE 2ND |
|
University of Oklahoma Sooners batting - Pitching for University of Minnesota Golden Gophers : LHP Ryan Hancock
|
|
Batting: RHB Eric Peterson
|
0-0: Called Strike 0-1: Ball 1-1: Ground out 1-3 (Groundball, 15, EV 70.6 MPH)
|
|
Batting: RHB Sugiarto Kartosuwiryo
|
0-0: Called Strike 0-1: Ball 1-1: Foul Ball, location: 2F 1-2: Ball 2-2: Strikes out swinging
|
|
Batting: SHB Orlando Uribe
|
0-0: Ball 1-0: Called Strike 1-1: Foul Ball, location: 2F 1-2: Ground out 6-3 (Groundball, 6, EV 90.0 MPH)
|
| Top of the 2nd over - 0 runs, 0 hits, 0 errors, 0 left on base; University of Oklahoma 0 - University of Minnesota 0 |
| BOTTOM OF THE 2ND |
|
University of Minnesota Golden Gophers batting - Pitching for University of Oklahoma Sooners : LHP Mickey Spang
|
|
Batting: RHB Tatsuyoshi Ikeda
|
0-0: Ball 1-0: Ball 2-0: Ball 3-0: Base on Balls
|
|
Batting: LHB Jose Moncada
|
0-0: Called Strike 0-1: Foul Ball, location: 2F 0-2: Ball 1-2: Strikes out swinging
|
|
Batting: RHB Jason Mooris
|
0-0: Called Strike Tatsuyoshi Ikeda steals 2nd base 0-1: Ball 1-1: Ball 2-1: Ball 3-1: Swinging Strike 3-2: Strikes out swinging
|
|
Batting: LHB Bobby Agterberg
|
0-0: Ball 1-0: Called Strike 1-1: Fly out, F6 (Line Drive, 6D, EV 70.6 MPH)
|
| Bottom of the 2nd over - 0 runs, 0 hits, 0 errors, 1 left on base; University of Oklahoma 0 - University of Minnesota 0 |
| TOP OF THE 3RD |
|
University of Oklahoma Sooners batting - Pitching for University of Minnesota Golden Gophers : LHP Ryan Hancock
|
|
Batting: RHB Sam Mason
|
0-0: Swinging Strike 0-1: Swinging Strike 0-2: Foul Ball, location: 2F 0-2: Ball 1-2: Ball 2-2: Strikes out swinging
|
|
Batting: RHB Ben Gappa
|
0-0: Ground out 6-3 (Groundball, 6, EV 97.5 MPH)
|
|
Batting: LHB Alex Benabides
|
0-0: SINGLE (Flyball, 34D, EV 81.9 MPH)
|
|
Batting: LHB Jon Terrones
|
0-0: Called Strike Alex Benabides is caught stealing 2nd base 2-6
|
| Top of the 3rd over - 0 runs, 1 hit, 0 errors, 0 left on base; University of Oklahoma 0 - University of Minnesota 0 |
| BOTTOM OF THE 3RD |
|
University of Minnesota Golden Gophers batting - Pitching for University of Oklahoma Sooners : LHP Mickey Spang
|
|
Batting: RHB Ron Gooch
|
0-0: Swinging Strike 0-1: Called Strike 0-2: Ball 1-2: Strikes out looking
|
|
Batting: LHB Ivan Villegas
|
0-0: Foul Ball, location: 2F 0-1: Ball 1-1: Called Strike 1-2: Fly out, F8 (Flyball, 8RM, EV 86.9 MPH)
|
|
Batting: LHB Alex Villa
|
0-0: Ball 1-0: Ball 2-0: Ground out 4-3 (Groundball, 4, EV 81.9 MPH)
|
| Bottom of the 3rd over - 0 runs, 0 hits, 0 errors, 0 left on base; University of Oklahoma 0 - University of Minnesota 0 |
| TOP OF THE 4TH |
|
University of Oklahoma Sooners batting - Pitching for University of Minnesota Golden Gophers : LHP Ryan Hancock
|
|
Batting: LHB Jon Terrones
|
0-0: Ball 1-0: Fly out, F4 (Line Drive, 4, EV 70.0 MPH)
|
|
Batting: RHB Jesus Montoya
|
0-0: Reached on error, E6 (Groundball, 6, EV 106.2 MPH)
|
|
Batting: RHB Victor Borras
|
0-0: Ground out U3 (Groundball, 3, EV 80.6 MPH) Jesus Montoya to third
|
|
Batting: RHB Eric Peterson
|
0-0: SINGLE (Groundball, 6MS, EV 90.0 MPH) (infield hit) Jesus Montoya scores
|
|
Batting: RHB Sugiarto Kartosuwiryo
|
0-0: Ball 1-0: Called Strike 1-1: Foul Ball, location: 2F 1-2: Foul Ball, location: 2F 1-2: Strikes out swinging
|
| Top of the 4th over - 1 run, 1 hit, 1 error, 1 left on base; University of Oklahoma 1 - University of Minnesota 0 |
| BOTTOM OF THE 4TH |
|
University of Minnesota Golden Gophers batting - Pitching for University of Oklahoma Sooners : LHP Mickey Spang
|
|
Batting: RHB Roy Evenden
|
0-0: Ball 1-0: Ball 2-0: Called Strike 2-1: Foul Ball, location: 2F 2-2: Strikes out looking
|
|
Batting: RHB Jarrod Strickhouser
|
0-0: Foul Ball, location: 2F 0-1: Ball 1-1: Ball 2-1: Swinging Strike 2-2: Fly out, F7 (Flyball, 78S, EV 84.4 MPH)
|
|
Batting: RHB Tatsuyoshi Ikeda
|
0-0: Called Strike 0-1: Fly out, F8 (Flyball, 89S, EV 83.8 MPH)
|
| Bottom of the 4th over - 0 runs, 0 hits, 0 errors, 0 left on base; University of Oklahoma 1 - University of Minnesota 0 |
| TOP OF THE 5TH |
|
University of Oklahoma Sooners batting - Pitching for University of Minnesota Golden Gophers : LHP Ryan Hancock
|
|
Batting: SHB Orlando Uribe
|
0-0: Ball 1-0: Fly out, F7 (Flyball, 7S, EV 86.9 MPH)
|
|
Batting: RHB Sam Mason
|
0-0: Swinging Strike 0-1: Ball 1-1: Swinging Strike 1-2: Ball 2-2: Foul Ball, location: 2F 2-2: Ball 3-2: Strikes out swinging
|
|
Batting: RHB Ben Gappa
|
0-0: Foul Ball, location: 2F 0-1: Ball 1-1: SINGLE (Line Drive, 8RS, EV 91.2 MPH)
|
|
Batting: LHB Alex Benabides
|
0-0: Called Strike 0-1: Foul Ball, location: 2F 0-2: Ball 1-2: Strikes out swinging
|
| Top of the 5th over - 0 runs, 1 hit, 0 errors, 1 left on base; University of Oklahoma 1 - University of Minnesota 0 |
| BOTTOM OF THE 5TH |
|
University of Minnesota Golden Gophers batting - Pitching for University of Oklahoma Sooners : LHP Mickey Spang
|
|
Batting: LHB Jose Moncada
|
0-0: Foul Ball, location: 2F 0-1: Foul Ball, location: 2F 0-2: Foul Ball, location: 2F 0-2: Ball 1-2: Strikes out swinging
|
|
Batting: RHB Jason Mooris
|
0-0: Ball 1-0: Ground out 5-3 (Groundball, 56, EV 103.1 MPH)
|
|
Batting: LHB Bobby Agterberg
|
0-0: Swinging Strike 0-1: Ground out 4-3 (Groundball, 34D, EV 106.9 MPH)
|
| Bottom of the 5th over - 0 runs, 0 hits, 0 errors, 0 left on base; University of Oklahoma 1 - University of Minnesota 0 |
| TOP OF THE 6TH |
|
University of Oklahoma Sooners batting - Pitching for University of Minnesota Golden Gophers : LHP Ryan Hancock
|
|
Batting: LHB Jon Terrones
|
0-0: Called Strike 0-1: Foul Ball, location: 2F 0-2: Ball 1-2: Fly out, F7 (Flyball, 78S, EV 83.1 MPH)
|
|
Batting: RHB Jesus Montoya
|
0-0: Called Strike 0-1: SINGLE (Flyball, 56D, EV 91.9 MPH)
|
|
Batting: RHB Victor Borras
|
0-0: Foul Ball, location: 2F 0-1: Ball 1-1: Ball 2-1: Swinging Strike 2-2: Fielders Choice at 2nd, 6-4 (Groundball, 6, EV 79.4 MPH)
|
|
Batting: RHB Eric Peterson
|
0-0: Ball Wild Pitch! Victor Borras to second 1-0: Called Strike 1-1: Fly out, F8 (Flyball, 8LM, EV 91.9 MPH)
|
| Top of the 6th over - 0 runs, 1 hit, 0 errors, 1 left on base; University of Oklahoma 1 - University of Minnesota 0 |
| BOTTOM OF THE 6TH |
|
University of Minnesota Golden Gophers batting - Pitching for University of Oklahoma Sooners : LHP Mickey Spang
|
|
Batting: RHB Ron Gooch
|
0-0: Ball 1-0: SOLO HOME RUN (Flyball, 78XD, EV 115.6 MPH), Distance : 443 ft
|
|
Batting: LHB Ivan Villegas
|
0-0: Foul Ball, location: 2F 0-1: Ball 1-1: Ball 2-1: Fly out, F9 (Flyball, 9LS, EV 92.5 MPH)
|
|
Batting: LHB Alex Villa
|
0-0: DOUBLE (Line Drive, 78D, EV 108.1 MPH)
|
|
Batting: RHB Roy Evenden
|
0-0: Ball 1-0: Ball Wild Pitch! Alex Villa to third 2-0: Squeeze Bunt to P - play home, runner scores, batter safe! Alex Villa scores
|
|
Batting: RHB Jarrod Strickhouser
|
0-0: Ball Roy Evenden is caught stealing 2nd base 2-4 1-0: Ball 2-0: Ball 3-0: Base on Balls
|
|
Batting: RHB Tatsuyoshi Ikeda
|
0-0: Foul Ball, location: 2F 0-1: Ball 1-1: Swinging Strike 1-2: Fly out, F9 (Flyball, 9, EV 87.5 MPH)
|
| Bottom of the 6th over - 2 runs, 2 hits, 0 errors, 1 left on base; University of Oklahoma 1 - University of Minnesota 2 |
| TOP OF THE 7TH |
|
University of Oklahoma Sooners batting - Pitching for University of Minnesota Golden Gophers : LHP Ryan Hancock
|
|
Pitching: RHP Jason Jacobs
|
|
|
Batting: RHB Sugiarto Kartosuwiryo
|
0-0: Called Strike 0-1: Swinging Strike 0-2: Ball 1-2: Ball 2-2: Foul Ball, location: 2F 2-2: Strikes out looking
|
|
Batting: SHB Orlando Uribe
|
0-0: Ball 1-0: Called Strike 1-1: Swinging Strike 1-2: Reached on error, E4 (Groundball, 34, EV 84.4 MPH)
|
|
Batting: RHB Sam Mason
|
0-0: Called Strike Balk! Orlando Uribe to second 0-1: Called Strike 0-2: Ball 1-2: Strikes out looking
|
|
Batting: RHB Ben Gappa
|
0-0: Called Strike 0-1: Foul Ball, location: 2F 0-2: Ball 1-2: Reached on error, E6 (Groundball, 6S, EV 93.1 MPH) Orlando Uribe to third
|
|
Batting: LHB Alex Benabides
|
0-0: DOUBLE (Line Drive, 78M, EV 95.6 MPH) Orlando Uribe scores Ben Gappa to third Runner from 3rd tries for Home, SAFE, no throw by CF
|
|
Batting: LHB Jon Terrones
|
0-0: Ball 1-0: Ball 2-0: Ball 3-0: Called Strike 3-1: Foul Ball, location: 2F 3-2: Strikes out swinging
|
| Top of the 7th over - 2 runs, 1 hit, 2 errors, 1 left on base; University of Oklahoma 3 - University of Minnesota 2 |
| BOTTOM OF THE 7TH |
|
University of Minnesota Golden Gophers batting - Pitching for University of Oklahoma Sooners : LHP Mickey Spang
|
|
Pitching: LHP Bobby Cimilluca
|
|
|
Batting: LHB Jose Moncada
|
0-0: Ball 1-0: Called Strike 1-1: Ball 2-1: Ball 3-1: SINGLE (Groundball, 4MD, EV 82.5 MPH) (infield hit)
|
|
Batting: RHB Jason Mooris
|
0-0: Ball 1-0: Bunted foul 1-1: Sac Bunt to 23 - play at second, runner OUT! 3-6
|
|
Batting: RHB Scott Rose
|
0-0: Foul Ball, location: 2F 0-1: Swinging Strike 0-2: Strikes out swinging
|
|
Batting: RHB Ron Gooch
|
0-0: Ground out 4-3 (Groundball, 4, EV 86.2 MPH)
|
| Bottom of the 7th over - 0 runs, 1 hit, 0 errors, 1 left on base; University of Oklahoma 3 - University of Minnesota 2 |
| TOP OF THE 8TH |
|
University of Oklahoma Sooners batting - Pitching for University of Minnesota Golden Gophers : RHP Jason Jacobs
|
|
Pitching: RHP Bobby Rodriguez
|
|
|
Batting: RHB Jesus Montoya
|
0-0: Ball 1-0: Fly out, F8 (Flyball, 89D, EV 101.9 MPH)
|
|
Batting: RHB Victor Borras
|
0-0: Called Strike 0-1: Swinging Strike 0-2: Ball 1-2: SINGLE (Line Drive, 78S, EV 112.5 MPH)
|
|
Batting: RHB Eric Peterson
|
0-0: Called Strike 0-1: Called Strike 0-2: Grounds into double play, 3-6-1 (Groundball, 3, EV 84.4 MPH)
|
| Top of the 8th over - 0 runs, 1 hit, 0 errors, 0 left on base; University of Oklahoma 3 - University of Minnesota 2 |
| BOTTOM OF THE 8TH |
|
University of Minnesota Golden Gophers batting - Pitching for University of Oklahoma Sooners : LHP Bobby Cimilluca
|
|
Pitching: RHP Arjan van den Hurk
|
|
|
Batting: LHB Ivan Villegas
|
0-0: Foul Ball, location: 2F 0-1: Ground out 4-3 (Groundball, 4, EV 91.2 MPH)
|
|
Batting: LHB Alex Villa
|
0-0: Called Strike 0-1: Ball 1-1: Ball 2-1: Ball 3-1: Swinging Strike 3-2: Fly out, F9 (Flyball, 89S, EV 94.4 MPH)
|
|
Batting: RHB Roy Evenden
|
0-0: Bunted foul 0-1: Ball 1-1: Ball 2-1: Ball 3-1: Base on Balls
|
|
Batting: RHB Jarrod Strickhouser
|
0-0: Ball Roy Evenden is caught stealing 2nd base 2-4
|
| Bottom of the 8th over - 0 runs, 0 hits, 0 errors, 0 left on base; University of Oklahoma 3 - University of Minnesota 2 |
| TOP OF THE 9TH |
|
University of Oklahoma Sooners batting - Pitching for University of Minnesota Golden Gophers : RHP Bobby Rodriguez
|
|
Pitching: RHP Frank McCarthy
|
|
|
Batting: RHB Sugiarto Kartosuwiryo
|
0-0: Swinging Strike 0-1: Swinging Strike 0-2: Ball 1-2: Foul Ball, location: 2F 1-2: Foul Ball, location: 2F 1-2: Foul Ball, location: 2F 1-2: Strikes out swinging
|
|
Batting: SHB Orlando Uribe
|
0-0: Called Strike 0-1: Ball 1-1: Swinging Strike 1-2: Ball 2-2: Strikes out swinging
|
|
Batting: RHB Sam Mason
|
0-0: Foul Ball, location: 2F 0-1: Ball 1-1: Called Strike 1-2: Ball 2-2: Strikes out swinging
|
| Top of the 9th over - 0 runs, 0 hits, 0 errors, 0 left on base; University of Oklahoma 3 - University of Minnesota 2 |
| BOTTOM OF THE 9TH |
|
University of Minnesota Golden Gophers batting - Pitching for University of Oklahoma Sooners : RHP Arjan van den Hurk
|
|
Pitching: RHP Roger Torrez
|
|
|
Batting: RHB Jarrod Strickhouser
|
0-0: Called Strike 0-1: Called Strike 0-2: Fly out, F9 (Flyball, 89D, EV 103.1 MPH)
|
|
Batting: RHB Tatsuyoshi Ikeda
|
0-0: Swinging Strike 0-1: Called Strike 0-2: Ball 1-2: Foul Ball, location: 2F 1-2: Foul Ball, location: 2F 1-2: Strikes out swinging
|
|
Batting: LHB Jose Moncada
|
0-0: Foul Ball, location: 2F 0-1: Ball 1-1: Ball 2-1: Swinging Strike 2-2: Ball 3-2: Fly out, F8 (Flyball, 8LM, EV 81.9 MPH)
|
| Bottom of the 9th over - 0 runs, 0 hits, 0 errors, 0 left on base; University of Oklahoma 3 - University of Minnesota 2 |
|